 Dungeon Crawl Stone Soup version 0.30-a0-757-ga6a79fd877 (webtiles) character file.

Game seed: 12749874138399092381

73 Newt the Shooter (level 4, -25/30 HPs)
             Began as a Kobold Hunter on Feb 9, 2023.
             Killed by an exploding orc priest (27 damage)
             ... ignited by their inner flame
             ... on level 3 of the Dungeon.
             The game lasted 00:01:51 (1518 turns).

Newt the Shooter (Kobold Hunter)                    Turns: 1518, Time: 00:01:52

Health: -25/30     AC:  4    Str:  8    XL:     4   Next: 51%
Magic:  4/4        EV: 14    Int: 10    God:
Gold:   159        SH:  0    Dex: 20    Spells: 3/3 levels left

rFire   . . .      SeeInvis .    a - +0 shortbow
rCold   . . .      Faith    .    (shield currently unavailable)
rNeg    . . .      Spirit   .    c - +0 leather armour
rPois   .          Reflect  .    i - +0 helmet
rElec   .          Harm     .    (no cloak)
rCorr   .          Rampage  .    (no gloves)
Will    .....                    (no boots)
Stlth   +++                      (no amulet)
HPRegen 0.25/turn                (no ring)
MPRegen 0.09/turn                (no ring)

@: invisible
A: small, no large weapons, nightstalker 3
a: no special abilities


You were on level 3 of the Dungeon.
You visited 1 branch of the dungeon, and saw 3 of its levels.

You collected 159 gold pieces.

Inventory:

Hand Weapons
 a - a +0 shortbow (weapon)
Armour
 c - a +0 leather armour (worn)
 i - a +0 helmet (worn)
Jewellery
 d - an amulet of regeneration
Wands
 k - a wand of roots (6)
Scrolls
 e - a scroll of amnesia
Potions
 g - a potion of attraction
 j - a potion of brilliance


   Skills:
 + Level 4.9 Fighting
 - Level 5.3 Ranged Weapons
 - Level 2.4 Dodging
 - Level 1.3 Stealth


You had 3 spell levels left.
You didn't know any spells.
Your spell library was empty.

Dungeon Overview and Level Annotations

Branches:
Dungeon (3/15)

Altars:
Elyvilon


Innate Abilities, Weirdness & Mutations

You are small and have problems with some larger weapons.
You are completely attuned to the shadows.


Message History

The orc wizard is moderately wounded.
The orc wizard gestures at you while chanting.
The puff of flame misses you.
The orc priest invokes the aid of Beogh against the orc wizard.
The orc wizard writhes in agony.
The orc priest hits you but does no damage.
The orc wizard closely misses you.
You are too confused!
You are too confused!
You are too confused!
You are too confused!
You bump into the rock wall.
The orc wizard gestures at you while chanting.
You resist with some effort. The orc priest barely misses you.
You bump into the rock wall.
You feel less confused. The orc wizard completely misses you.
The orc priest misses you.
You shoot an arrow.
The arrow closely misses the orc wizard.
The orc wizard points at you and mumbles some strange words.
The puff of flame hits you!
* * * LOW HITPOINT WARNING * * *
The orc priest barely misses you.
Really read the scroll of immolation?
As you read the scroll of immolation, it crumbles to dust.
The creatures around you are filled with an inner flame!
The orc wizard hits you but does no damage.
The orc wizard points at the orc wizard and mumbles some strange words.
The orc priest appears confused.
The orc priest shouts!
Unknown command.
You shoot an arrow. The arrow hits the orc priest!
Flame seeps out of the orc priest.
The orc priest is severely wounded.
The orc priest is engulfed in blazing flames.
The orc priest explodes!
The fiery explosion engulfs the orc wizard!!
The fiery explosion engulfs you!!
Ouch! That really hurt!
You die...

#########
###.......########
..............§○@#
)##.......######§#####
..#............o.....#
..########...........#
..# #...........# ..#
#...........# ..#
#...........####
#######.##.....#
#........#


You could see an orc wizard (inner flame, unable to see you).

Vanquished Creatures
  An orc priest (D:3)
  2 orc wizards (D:3)
  A dart slug (D:1)
  6 endoplasms
  A giant cockroach (D:1)
  8 goblins
  3 hobgoblins
  2 jackals (D:2)
  5 quokkas
  3 ball pythons
  4 bats
  2 frilled lizards
  2 kobolds
  3 rats
43 creatures vanquished.

Vanquished Creatures (others)
  A withered plant (D:1)
1 creature vanquished.

Grand Total: 44 creatures vanquished

Notes
Turn   | Place    | Note
-------+----------+-------------------------------------------
     0 | D:1      | Newt the Kobold Hunter began the quest for the Orb.
     0 | D:1      | Reached XP level 1. HP: 12/12 MP: 1/1
    52 | D:1      | Reached XP level 2. HP: 18/18 MP: 2/2
   243 | D:1      | Reached XP level 3. HP: 23/23 MP: 3/3
   311 | D:1      | Found a faded altar of an unknown god.
  1034 | D:2      | Found a white marble altar of Elyvilon.
  1416 | D:3      | Reached XP level 4. HP: 30/30 MP: 4/4
  1518 | D:3      | Killed by an exploding orc priest... ignited by their inner
                  | flame

Illustrated notes

Levels and vault maps discovered:
D:1:      psy_arrival_whirlpool, layout_loops_ring,
          ebering_ecumenical_altar_petrified, nrook_mini_backslash
D:2:      layout_loops_ring, basic_altar
D:3:      layout_basic, uniq_jessica

Skill      XL: |  1  2  3 |
---------------+----------+-----
Fighting       | 3 4 |  4.9
Ranged Weapons | |  5.3
Dodging        | |  2.4
Stealth        | |  1.3

Action                     |  1- 3 |  4- 6 || total
---------------------------+-------+-------++-------
  Melee: Shortbow          |       |     7 ||     7
   Fire: Shortbow          |   110 |     9 ||   119
    Use: Scroll            |     5 |     2 ||     7
         Potion            |       |     3 ||     3
 Armour: Leather armour    |    22 |     9 ||    31
  Dodge: Dodged            |    40 |    19 ||    59

Table legend: (Time is in decaauts)
 A = Elapsed time spent in this place.
 B = Non-inter-level travel time spent in this place.
 C = Inter-level travel time spent in this place.
 D = Time resting spent in this place.
 E = Time spent auto-exploring this place.
 F = Levels seen in this place.
 G = Mean time per level.
                   A        B        C        D        E       F      G
               +--------+--------+--------+--------+--------+-----+--------+
         Total |   1556 |   1499 |     57 |      0 |   1215 |   3 |  518.7 |
       Dungeon |   1556 |   1499 |     57 |      0 |   1215 |   3 |  518.7 |
               +--------+--------+--------+--------+--------+-----+--------+

Top non-repeatable levels by time:
     D:2: 738 daAuts
     D:1: 699 daAuts
     D:3: 118 daAuts
